 Dungeon Crawl Stone Soup version 0.23.1-37-gaa34b87 (webtiles) character file.

Game seed: 13002760527110472026

206 Borgoz the Sneak (level 5, -3/41 HPs)
             Began as a Ghoul Enchanter on Mar 22, 2019.
             Slain by an iguana (9 damage)
             ... on level 4 of the Dungeon.
             The game lasted 00:06:34 (3182 turns).

Borgoz the Sneak (Ghoul Enchanter)                  Turns: 3182, Time: 00:06:35

Health: -3/41      AC:  8    Str: 12    XL:     5   Next: 84%
Magic:  3/6        EV: 11    Int: 10    God:
Gold:   77         SH:  0    Dex: 10    Spells: 3/7 levels left

rFire    . . .     SeeInvis .   a - +2 short sword (venom)
rCold    + . .     Gourm    .   (no shield)
rNeg     + + +     Faith    .   p - +0 ring mail
rPois    ∞         Spirit   .   m - +1 helmet
rElec    .         Reflect  .   (no cloak)
rCorr    .         Harm     .   (no gloves)
MR       .....                  k - +0 pair of boots
Stlth    +.........             (no amulet)
HPRegen  0.00/turn              (no ring)
MPRegen  0.10/turn              (no ring)

@: very slightly contaminated, rotting
A: rotting body, claws 1, carnivore, cold resistance 1, negative energy
resistance 3, inhibited regeneration, torment resistance, unbreathing
a: no special abilities


You were on level 4 of the Dungeon.
You were not hungry.

You visited 1 branch of the dungeon, and saw 4 of its levels.

You collected 77 gold pieces.

Inventory:

Hand Weapons
 a - a +2 short sword of venom (weapon)
 b - a +0 blowgun
 n - a +1 short sword
 o - a +1 dagger
Missiles
 l - 18 poisoned needles
Armour
 j - a +0 robe
 k - a +0 pair of boots (worn)
 m - a +1 helmet (worn)
 p - a +0 ring mail (worn)
Scrolls
 c - 3 scrolls of remove curse
 f - 2 scrolls of enchant weapon
 h - 2 scrolls of amnesia
Potions
 e - a potion of brilliance {unknown}
 g - 2 potions of curing {unknown}
 q - a potion of degeneration {unknown}
Comestibles
 d - 6 rations
 i - 6 chunks of flesh


   Skills:
 + Level 2.2 Fighting
 * Level 2.9 Short Blades
 * Level 2.6 Armour
 * Level 2.5 Dodging
 - Level 3.2 Stealth
 - Level 1.7 Spellcasting
 - Level 2.4 Hexes


You had 3 spell levels left.
You knew the following spells:

 Your Spells              Type           Power        Failure   Level  Hunger
a - Corona                Hex            #......      26%         1    ##.....
b - Ensorcelled Hibernat  Hex/Ice        #.....       54%         2    ###....
d - Confusing Touch       Hex            #.....       26%         1    ##.....

Your spell library contained the following spells:

 Spells                   Type           Power        Failure   Level  Hunger
 Animate Skeleton         Necr           N/A          56%         1    ##.....
 Apportation              Tloc           #.....       56%         1    ##.....
 Summon Small Mammal      Summ           #...         56%         1    ##.....
 Confuse                  Hex            #.......     61%         3    ####...
 Tukima's Dance           Hex            #.......     61%         3    ####...
 Dazzling Spray           Conj/Hex       #.....       78%         3    ####...


Dungeon Overview and Level Annotations

Branches:
Dungeon (4/15)
 Temple: D:4-7

Altars:
Nemelex Xobeh
Qazlal
Uskayaw

Annotations:
D:2 Sigmund
D:3 2 transporters


Innate Abilities, Weirdness & Mutations

Your body is rotting away.
You thrive on raw meat.
You are immune to poison.
You have sharp fingernails.
You are carnivorous and can eat meat at any time.
Your flesh is cold resistant. (rC+)
You are immune to negative energy. (rN+++)
You do not regenerate when monsters are visible.
You are immune to unholy pain and torment.
You can survive without breathing.


Message History

Confirm with . or Enter, or press ? or * to list all spells.
Aiming: Ensorcelled Hibernation (safe; 54% risk of failure)
Press: ? - help, Shift-Dir - straight line, f - iguana
Aim: an iguana (moderately wounded, poisoned, chance to defeat MR: 44%)
You miscast Ensorcelled Hibernation.
You are very lightly contaminated with residual magic.
You hear an indistinct dissonance whispering inside your mind.
The iguana bites you.
* * * LOW HITPOINT WARNING * * *
Casting: Ensorcelled Hibernation (safe; 54% risk of failure)
Confirm with . or Enter, or press ? or * to list all spells.
Okay, then.
Casting: Ensorcelled Hibernation (safe; 54% risk of failure)
Confirm with . or Enter, or press ? or * to list all spells.
Your claws begin to glow red.
The iguana bites you.
* * * LOW HITPOINT WARNING * * *
You hit the iguana but do no damage.
The iguana appears confused.
The iguana is moderately wounded.
The iguana bites you!
You die...

.# #...........# .#
#...........# .#
#...........#######
.#
#..................
.#
#.................#
#..)..............#
#..?..............#
#.................#
#.........@.......#
.........l.......+
................#
.........#######
.#.......#
#.......# #.......#
#.......#


You could see an iguana (confused).

Vanquished Creatures
  Jessica (D:3)
  A worker ant (D:3)
  6 adders
  4 oozes
  A worm (D:4)
  2 dart slugs
  3 leopard geckos (D:3)
  4 orcs
  4 giant cockroaches
  9 goblins
  6 hobgoblins
  4 jackals (D:3)
  3 quokkas (D:3)
  6 bats
  4 frilled lizards
  7 kobolds
  A quokka skeleton (D:4)
  7 rats
73 creatures vanquished.

Vanquished Creatures (others)
  A bat (D:3)
1 creature vanquished.

Grand Total: 74 creatures vanquished

Notes
Turn   | Place    | Note
-------+----------+-------------------------------------------
     0 | D:1      | Borgoz the Ghoul Enchanter began the quest for the Orb.
     0 | D:1      | Reached XP level 1. HP: 14/14 MP: 2/2
    10 | D:1      | Reached skill level 1 in Short Blades
   224 | D:1      | Reached XP level 2. HP: 22/22 MP: 3/3
   231 | D:1      | Learned a level 2 spell: Ensorcelled Hibernation
   340 | D:1      | Reached skill level 1 in Armour
   667 | D:1      | Reached XP level 3. HP: 23/26 MP: 4/4
   820 | D:1      | Reached skill level 1 in Fighting
  1022 | D:2      | Found a hide-covered altar of Uskayaw.
  1249 | D:2      | Found a sparkling altar of Nemelex Xobeh.
  1781 | D:2      | Noticed Sigmund
  2196 | D:3      | Reached XP level 4. HP: 21/34 MP: 5/5
  2247 | D:3      | Learned a level 1 spell: Confusing Touch
  2265 | D:3      | Noticed Jessica
  2279 | D:3      | Killed Jessica
  2505 | D:3      | Reached XP level 5. HP: 30/41 MP: 6/6
  2519 | D:3      | Found a transporter.
  2581 | D:3      | Found a transporter.
  3018 | D:3      | Noticed a water elemental
  3021 | D:3      | Found a stormy altar of Qazlal.
  3022 | D:3      | Noticed an air elemental
  3022 | D:3      | Noticed a fire elemental
  3182 | D:4      | Slain by an iguana

Skill      XL: |  1  2  3  4  5 |
---------------+----------------+-----
Short Blades   | 1 2 |  2.9
Dodging        | 2 |  2.5
Armour         | 1 2 |  2.6
Fighting       | 1 2 |  2.2
Stealth        | |  3.2
Spellcasting   | |  1.7
Hexes          | |  2.4

Action                   |  1- 3 |  4- 6 || total
-------------------------+-------+-------++-------
Melee: Dagger            |   154 |       ||   154
       Short sword       |    23 |   142 ||   165
 Cast: Ensorcelled Hiber |     1 |       ||     1
       Confusing Touch   |       |     2 ||     2
  Use: Scroll            |     9 |       ||     9
       Potion            |     4 |       ||     4
 Stab: Sleeping          |     4 |     1 ||     5
  Eat: Chunk             |    14 |     6 ||    20
Armor: Robe              |    38 |    31 ||    69
       Ring mail         |       |    18 ||    18
Dodge: Dodged            |   137 |    99 ||   236
